 Dungeon Crawl Stone Soup version 0.29-a0-819-g94b489e0ae (webtiles) character file.

Game seed: 10124775146269098618

1546 Sabo the Shield-Bearer (level 9, -7/68 HPs)
             Began as a Formicid Fighter on July 6, 2022.
             Was a Priest of Makhleb.
             Mangled by Grinder (12 damage)
             ... on level 6 of the Dungeon.
             The game lasted 00:31:53 (5865 turns).

Sabo the Shield-Bearer (Formicid Fighter)           Turns: 5865, Time: 00:31:54

Health: -7/68      AC:  0    Str: 25    XL:     9   Next: 11%
Magic:  9/9        EV:  8    Int: 11    God:    Makhleb [***...]
Gold:   142        SH: 14    Dex: 13    Spells: 8/8 levels left

rFire   + + +      SeeInvis +   C - +5 long sword of Chance {drain, rF+ rC++}
rCold   + + .      Faith    .   o - +0 tower shield
rNeg    + . .      Spirit   .   q - +3 scale mail of Opahac {Harm rF++ Int+3}
rPois   +          Reflect  .   (helmet unavailable)
rElec   .          Harm     +   s - +0 cloak
rCorr   .          Rampage  .   (no gloves)
Will    .....                   (no boots)
Stlth   ..........              v - amulet of regeneration
HPRegen 1.01/turn               h - ring of positive energy
MPRegen 0.11/turn               l - ring of poison resistance

@: corroded
A: permanent stasis, dig shafts and tunnels, antennae 3, four strong arms
a: Dig, Shaft Self, Renounce Religion, Minor Destruction, Lesser Servant of
Makhleb


You were on level 6 of the Dungeon.
You worshipped Makhleb.
Makhleb was most pleased with you.
You visited 1 branch of the dungeon, and saw 6 of its levels.

You collected 142 gold pieces.

Inventory:

Hand Weapons
 c - a +1 hand axe of flaming
 p - a +2 scythe of protection
 w - a +0 shortbow
 C - the +5 long sword of Chance (weapon) {drain, rF+ rC++}
   (You found it on level 6 of the Dungeon)

   A truly terrible weapon, it drains the life of any living foe it strikes.
   rF:        It protects you from fire.
   rC:        It greatly protects you from cold.
Missiles
 e - 6 atropa-tipped darts
 r - a curare-tipped dart
 u - 2 boomerangs
Armour
 b - a +0 scale mail
 o - a +0 tower shield (worn)
 q - the +3 scale mail of Opahac (worn) {Harm rF++ Int+3}
   (You found it on level 3 of the Dungeon)

   Int:       It affects your intelligence (+3).
   rF:        It greatly protects you from fire.
   Harm:      It increases damage dealt and taken.
 s - a +0 cloak (worn)
 t - an orb of light
 A - a +3 leather armour of cold resistance
Jewellery
 h - a ring of positive energy (left hand)
 k - a ring of willpower
 l - a ring of poison resistance (right hand)
 v - an amulet of regeneration (around neck)
Wands
 z - a wand of roots (22)
Scrolls
 a - a scroll of enchant weapon {unknown}
 g - 2 scrolls of poison
 y - a scroll of vulnerability {unknown}
Potions
 d - 2 potions of might
 f - 2 potions of berserk rage {unknown}
 i - 2 potions of attraction {unknown}
 j - 3 potions of curing
 m - a potion of resistance
 n - a potion of mutation {unknown}
 x - a potion of degeneration {unknown}
 B - a potion of magic {unknown}


   Skills:
 + Level 5.3 Fighting
 + Level 0.7 Long Blades
 + Level 4.5(5.8) Axes
 + Level 5.6(6.3) Polearms
 + Level 5.4 Armour
 + Level 2.5 Dodging
 + Level 1.1 Stealth
 + Level 7.3 Shields
 + Level 0.2 Invocations


You had 8 spell levels left.
You didn't know any spells.
Your spell library contained the following spells:

 Spells                   Type           Power      Damage    Failure   Level
 Lesser Beckoning         Tloc           0%         N/A       100%        3
 Summon Guardian Golem    Hex/Summ       0%         N/A       100%        3
 Animate Armour           Summ/Erth      0%         N/A       100%        4
 Blade Hands              Tmut           0%         N/A       100%        5
 Manifold Assault         Tloc           0%         N/A       100%        5
 Iron Shot                Conj/Erth      0%         9d1       100%        6
 Orb of Destruction       Conj           0%         9d5       100%        7
 Spellforged Servitor     Conj/Summ      0%         N/A       100%        7
 Blink                    Tloc           Unusable   N/A       N/A         2

Dungeon Overview and Level Annotations

Branches:
Dungeon (6/15)             Temple (0/1) D:6

Altars:
Makhleb
Nemelex Xobeh
Vehumet
Zin

Annotations:
D:6 Grinder


Innate Abilities, Weirdness & Mutations

You cannot be hasted, slowed, berserked, paralysed or teleported.
You can dig through walls and to a lower floor.
You have a pair of large antennae on your head. (SInv)
Your four strong arms can wield two-handed weapons with a shield.


Message History

You miss the ufetubus. The ufetubus completely misses you.
You block the ufetubus's attack. x2; The ufetubus hits you.
You barely miss the ufetubus. You block the ufetubus's attack. x2
The ufetubus closely misses you. You block the ufetubus's attack.
The ufetubus barely misses you.
The ufetubus hits you but does no damage.
You hit the ufetubus.
You kill the ufetubus!
Makhleb accepts your kill.
Grinder and a jelly come into view.
Grinder shouts!
The jelly quivers.
Grinder gestures at you.
Your stasis prevents you from being paralysed.
The jelly hits you. The acid corrodes you!
You are splashed with acid!
You hit the jelly. You drain the jelly.
Your hands burn!
The jelly is heavily wounded.
Grinder gestures at you. Pain shoots through your body!
You block the jelly's attack. Grinder closely misses you.
The jelly hits you but does no damage.
You hit the jelly. You drain the jelly. The acid corrodes you!
Your hands burn!
The jelly is almost dead.
Grinder drinks a potion.
Grinder suddenly seems more resistant.
The jelly hits you.
You are splashed with acid!
You barely miss the jelly.
The jelly is almost dead.
You block Grinder's attack. The jelly hits you. The acid corrodes you!
You are splashed with acid!
Grinder gestures at you. Pain shoots through your body!
You block the jelly's attack.
You hit the jelly but do no damage. You drain the jelly.
Your hands burn!
The jelly is almost dead.
Grinder hits you.
* * * LOW HITPOINT WARNING * * *
The jelly hits you.
* * * LOW HITPOINT WARNING * * *
You are splashed with acid!
* * * LOW HITPOINT WARNING * * *
Grinder hits you!
You die...

#.#.#...................#...#
..#.#.....#.#...........##.##
..........#.#............#.#
..........#.#............#.#
##
.....####...#............#.#
.< .....#
#..###..........#'#.## .....#
#....................# .....#
.............#####...# .....#
......J@.....# ##.... .....#
......5............ ....
.....# ...................
... .....#
.......#####....... .# .....#
....... #....... .# .....#
....... #....... ######
....... ....... # .......
....... #


You could see Grinder (resistant) and a jelly (very drained).

Vanquished Creatures
  Sigmund (D:2)
  Eustachio (D:6)
  An ice beast (D:5)
  2 ogres
  A centaur (D:5)
  A kobold brigand (D:6)
  A bullfrog (D:6)
  A necrophage (D:4)
  A scorpion (D:6)
  A howler monkey (D:4)
  5 hounds
  Crazy Yiuf (D:3)
  An orc priest (D:5)
  A jelly (D:4)
  5 iguanas
  Terence (D:2)
  8 adders
  4 gnolls (D:5)
  2 shadow imps (D:5)
  A white imp (D:6)
  An ufetubus (D:6)
  2 worms (D:2)
  A dart slug (D:3)
  6 orcs
  8 ball pythons
  9 endoplasms
  2 giant cockroaches
  10 goblins
  7 hobgoblins
  2 jackals (D:4)
  9 kobolds
  5 quokkas
  2 bats
  3 frilled lizards
  8 rats
  A bush (D:5)
116 creatures vanquished.

Vanquished Creatures (others)
  A hobgoblin (D:3)
1 creature vanquished.

Grand Total: 117 creatures vanquished

Notes
Turn   | Place    | Note
-------+----------+-------------------------------------------
     0 | D:1      | Sabo the Formicid Fighter began the quest for the Orb.
     0 | D:1      | Reached XP level 1. HP: 18/18 MP: 1/1
    88 | D:1      | Reached XP level 2. HP: 12/24 MP: 2/2
   315 | D:1      | Found a faded altar of an unknown god.
   504 | D:1      | Prayed at the altar of an unknown god.
   504 | D:1      | Became a worshipper of Makhleb the Destroyer
   504 | D:1      | Reached * piety under Makhleb
   602 | D:1      | Reached XP level 3. HP: 24/30 MP: 3/3
  1396 | D:2      | Reached XP level 4. HP: 37/37 MP: 4/4
  1519 | D:2      | Reached ** piety under Makhleb
  1782 | D:2      | Noticed Terence
  1788 | D:2      | Killed Terence
  1819 | D:2      | Noticed Sigmund
  1828 | D:2      | Killed Sigmund
  1829 | D:2      | Reached skill level 5 in Shields
  1829 | D:2      | Reached XP level 5. HP: 32/42 MP: 5/5
  1829 | D:2      | Reached XP level 6. HP: 37/48 MP: 6/6
  2647 | D:3      | Identified the +3 scale mail of Opahac {Harm rF++ Int+3}
  2662 | D:3      | Found a radiant altar of Vehumet.
  2675 | D:3      | Reached skill level 1 in Dodging
  2800 | D:3      | Found a runed translucent door.
  2801 | D:3      | Noticed Crazy Yiuf
  2814 | D:3      | Killed Crazy Yiuf
  2815 | D:3      | Reached skill level 1 in Stealth
  3537 | D:4      | Noticed an ogre
  3545 | D:4      | Reached skill level 1 in Polearms
  3545 | D:4      | Reached XP level 7. HP: 52/55 MP: 7/7
  3989 | D:4      | Found a glowing silver altar of Zin.
  4261 | D:5      | Entered Level 5 of the Dungeon
  4534 | D:5      | Reached XP level 8. HP: 61/61 MP: 8/8
  4864 | D:5      | Reached skill level 6 in Shields
  5061 | D:5      | Reached skill level 5 in Fighting
  5061 | D:5      | Reached skill level 5 in Armour
  5093 | D:5      | Reached *** piety under Makhleb
  5309 | D:6      | Noticed Eustachio
  5314 | D:6      | Killed Eustachio
  5315 | D:6      | Reached skill level 5 in Polearms
  5361 | D:6      | Found a staircase to the Ecumenical Temple.
  5550 | D:6      | Identified the +5 long sword of Chance {drain, rF+ rC++}
  5583 | D:6      | Reached skill level 7 in Shields
  5583 | D:6      | Reached XP level 9. HP: 68/68 MP: 9/9
  5826 | D:6      | Found a sparkling altar of Nemelex Xobeh.
  5858 | D:6      | Noticed Grinder
  5865 | D:6      | Mangled by Grinder

Illustrated notes

Levels and vault maps discovered:
D:1:      evilmike_arrival_home_sweet_home, layout_rooms,
          hellmonk_ecumenical_altar_pennies_from_heaven, minmay_pentomino_r2
D:2:      layout_basic, minmay_misc_feat_cross, uniq_sigmund, uniq_terence
D:3:      layout_loops_ring, fiery_altar_vehumet, serial_rivers,
          chequers_serial_rivers_micro_a, chequers_serial_rivers_micro_c,
          chequers_serial_rivers_room_a, chequers_serial_rivers_large_b,
          uniq_crazy_yiuf_cottage
D:4:      layout_basic, zin_academy
D:5:      layout_basic, hangedman_decor_growths, kb_lookout_dungeons_type,
          minmay_quadrilaterals
D:6:      layout_basic, overflow_temple_1_default,
          mainiacjoe_overflow_surrounded_room, minmay_temple_entry_butterflies,
          uniq_eustachio, uniq_grinder

Skill      XL: |  1  2  3  4  5  6  7  8 |
---------------+-------------------------+-----
Axes           | 4 |  4.5
Fighting       | 4 5 |  5.3
Armour         | 4 5 |  5.4
Shields        | 5 7 |  7.3
Dodging        | 1 2 |  2.5
Stealth        | 1 |  1.1
Polearms       | 1 3 5 |  5.6
Long Blades    | |  0.7
Invocations    | |  0.2

Action                   |  1- 3 |  4- 6 |  7- 9 || total
-------------------------+-------+-------+-------++-------
Melee: War axe           |    96 |    24 |       ||   120
       Halberd           |       |    52 |   129 ||   181
       Long sword        |       |       |    41 ||    41
Invok: Minor Destruction |       |       |     1 ||     1
  Use: Scroll            |     2 |     3 |     1 ||     6
       Potion            |       |     1 |     1 ||     2
Armor: Scale mail        |    43 |    33 |    64 ||   140
Dodge: Dodged            |    34 |    37 |    48 ||   119
Block: Buckler           |    29 |    23 |       ||    52
       Tower shield      |       |     4 |   157 ||   161

Table legend: (Time is in decaauts)
 A = Elapsed time spent in this place.
 B = Non-inter-level travel time spent in this place.
 C = Inter-level travel time spent in this place.
 D = Time resting spent in this place.
 E = Time spent auto-exploring this place.
 F = Levels seen in this place.
 G = Mean time per level.
                   A        B        C        D        E       F      G
               +--------+--------+--------+--------+--------+-----+--------+
         Total |   6061 |   6061 |      0 |   1171 |      0 |   6 | 1010.2 |
       Dungeon |   6061 |   6061 |      0 |   1171 |      0 |   6 | 1010.2 |
               +--------+--------+--------+--------+--------+-----+--------+

Top non-repeatable levels by time:
     D:3: 1429 daAuts
     D:1: 1114 daAuts
     D:5: 1087 daAuts
     D:2: 1071 daAuts
     D:4: 772 daAuts
     D:6: 585 daAuts
